 Dungeon Crawl Stone Soup version 0.23.1-37-gaa34b87 (webtiles) character file.

Game seed: 13307013104239322902

100 vishdafish the Skirmisher (level 4, -1/37 HPs)
             Began as a Demonspawn Fighter on Mar 23, 2019.
             Killed by divine providence
             ... invoked by an orc priest
              (10 damage)
             ... on level 3 of the Dungeon.
             The game lasted 00:01:33 (1575 turns).

vishdafish the Skirmisher (Demonspawn Fighter)      Turns: 1575, Time: 00:01:34

Health: -1/37      AC: 12    Str: 22    XL:     4   Next: 46%
Magic:  4/4        EV:  7    Int: 10    God:
Gold:   91         SH: 15    Dex: 12    Spells: 3/3 levels left

rFire    . . .     SeeInvis .   a - +0 war axe
rCold    . . .     Gourm    .   c - +0 shield
rNeg     . . .     Faith    .   b - +0 scale mail
rPois    .         Spirit   .   (no helmet)
rElec    .         Reflect  +   (no cloak)
rCorr    .         Harm     .   (no gloves)
MR       .....                  (no boots)
Stlth    ..........             o - +6 amulet of reflection
HPRegen  0.12/turn              (no ring)
MPRegen  0.09/turn              (no ring)

@: mighty, sanguine armour
A: talons 1, sanguine armour 1
a: no special abilities


You were on level 3 of the Dungeon.
You were very hungry.

You visited 1 branch of the dungeon, and saw 3 of its levels.

You collected 91 gold pieces.

Inventory:

Hand Weapons
 a - a +0 war axe (weapon)
Armour
 b - a +0 scale mail (worn)
 c - a +0 shield (worn)
Jewellery
 o - a +6 amulet of reflection (around neck)
Scrolls
 g - 4 scrolls of identify {unknown}
 h - 4 scrolls of teleportation {unknown}
 i - 2 scrolls of magic mapping {unknown}
 j - a scroll of amnesia {unknown}
 m - a scroll of enchant weapon {unknown}
 n - a scroll of blinking {unknown}
 s - a scroll of enchant armour {unknown}
Potions
 d - a potion of might
 e - a potion of lignification {unknown}
 k - a potion of curing {unknown}
 l - 2 potions of flight {unknown}
 p - 2 potions of haste {unknown}
 q - a potion of agility {unknown}
 r - 2 potions of berserk rage {unknown}
Comestibles
 f - 4 rations


   Skills:
 + Level 3.8 Fighting
 * Level 3.7 Axes
 - Level 2.6 Armour
 - Level 2.6 Shields


You had 3 spell levels left.
You didn't know any spells.
Your spell library was empty.

Dungeon Overview and Level Annotations

Branches:
Dungeon (3/15)

Altars:
Nemelex Xobeh

Annotations:
D:3 2 transporters, kae's ghost, amateur DsSk


Innate Abilities, Weirdness & Mutations

You have sharp toenails.
When seriously injured, your bleeding wounds create armour. (AC +6)


Message History

The orc priest invokes the aid of Beogh against you.
Beogh smites you! The orc hits you.
* * * LOW HITPOINT WARNING * * *
You feel very mighty all of a sudden. Something hits you but does no damage.
The orc priest calls upon Beogh to heal the orc.
The orc's wounds heal themselves!
You miss something. Your kick misses something. Something hits you.
* * * LOW HITPOINT WARNING * * *
The orc priest miscasts a cantrip.
Something hits you but does no damage.
You miss something. Something hits you but does no damage.
The orc priest mumbles some strange prayers to Beogh against you.
Something hits you but does no damage.
You closely miss something. Your kick misses something.
Something hits you but does no damage.
You miss something. Your kick misses something.
The orc priest mumbles some strange prayers to Beogh against you.
Beogh smites you!
You die...

## # ##. ...# ...#####
... .........# #..#
########..# ...# ##
.......##.# ...#...
..#.#..8#.# .....##
.#...#..#.########)......
.......w#.......@{o......
...©...g#©..######o..#.##
.......W#..## .....#
.#...#wo#.## (#.###
..#.#..8#.# .#.#
©......##.##### .# #
########......# ..
.........####.# ##
########.#


You could see an orc priest and an orc.

Vanquished Creatures
  A gnoll (D:1)
  5 adders
  A worm (D:2)
  A leopard gecko (D:1)
  2 orcs (D:3)
  3 giant cockroaches (D:1)
  6 goblins
  2 hobgoblins (D:2)
  A quokka (D:3)
  2 bats (D:1)
  A frilled lizard (D:2)
  10 kobolds
  7 rats
42 creatures vanquished.

Vanquished Creatures (others)
  A goblin (D:2)
1 creature vanquished.

Grand Total: 43 creatures vanquished

Notes
Turn   | Place    | Note
-------+----------+-------------------------------------------
     0 | D:1      | vishdafish the Demonspawn Fighter began the quest for the
                  | Orb.
     0 | D:1      | Reached XP level 1. HP: 18/18 MP: 1/1
    27 | D:1      | Gained mutation: When seriously injured, your bleeding
                  | wounds create armour. (AC +6) [demonic ancestry]
    27 | D:1      | Reached XP level 2. HP: 12/24 MP: 2/2
   361 | D:1      | Gained mutation: You have sharp toenails. [demonic
                  | ancestry]
   361 | D:1      | Reached XP level 3. HP: 17/29 MP: 3/3
   959 | D:2      | Found a sparkling altar of Nemelex Xobeh.
   973 | D:2      | Reached XP level 4. HP: 26/37 MP: 4/4
  1527 | D:3      | Found a transporter.
  1528 | D:3      | Found a transporter.
  1528 | D:3      | Noticed kae's ghost (amateur DsSk)
  1575 | D:3      | Killed from afar by an orc priest

Skill      XL: |  1  2  3 |
---------------+----------+-----
Axes           | 2 3 |  3.7
Fighting       | |  3.8
Armour         | |  2.6
Shields        | |  2.6

Action                   |  1- 3 |  4- 6 || total
-------------------------+-------+-------++-------
Melee: War axe           |    75 |    40 ||   115
       Kick              |     2 |    11 ||    13
  Use: Potion            |       |     1 ||     1
  Eat: Chunk             |       |     1 ||     1
Armor: Scale mail        |    47 |    21 ||    68
Dodge: Dodged            |    23 |     6 ||    29
Block: Shield            |    43 |    27 ||    70
       Reflection        |     2 |     3 ||     5
